Map: Frost LE

Players

NOggNOskiLL - Winner!

  • Race: Terran Terran
  • League: Platinum

Timothy

  • Race: Zerg Zerg
  • League: Platinum

VOD

Have the link to the VOD?

Description

Time

  • Played on: July 17, 2016, 2:58 a.m.
  • Length: 18:52
Show
View Real Time Build Order
Export as new Build Order

NOggNOskiLL Terran - Winner!

Build Orders: MMM Bio 

Get SALT Encoding   

  12  0:01  SCV  
  13  0:13  SCV  
  14  0:18  Supply Depot  
  14  0:25  SCV  
  15  0:39  SCV  
  16  0:45  Barracks  
  16  0:51  SCV  
  16  0:54  Refinery  
  17  1:03  SCV  
  18  1:16  SCV  
  19  1:34  Orbital Command  
  19  1:41  Command Center  
  19  1:43  Barracks Reactor  
  19  2:01  SCV  
  20  2:07  Barracks  
  20  2:13  SCV  
  21  2:21  Marine x2  
  23  2:23  Factory  
  23  2:31  Supply Depot  
  23  2:37  Refinery  
  23  2:49  Supply Depot  
  23  2:52  Marine x2  
  23  2:53  SCV  
  23  2:54  Barracks Tech Lab  
  26  3:04  Orbital Command  
  26  3:05  SCV  
  27  3:10  Marine  
  28  3:15  Stimpack  
  28  3:17  SCV  
  29  3:23  Supply Depot  
  29  3:24  Marine  
  30  3:30  SCV  
  31  3:39  Factory Reactor  
  31  3:41  Starport  
  31  3:46  SCV, Supply Depot  
  32  3:49  SCV  
  32  3:50  Marine  
  32  3:52  Marine  
  32  3:54  Marine  
  36  3:59  SCV  
  36  4:02  SCV  
  38  4:08  Marine  
  39  4:10  Marine  
  39  4:12  Marine  
  39  4:13  Supply Depot  
  41  4:18  SCV x2  
  43  4:28  Medivac x2  
  43  4:30  Marine x3  
  50  4:32  SCV  
  51  4:38  Factory Reactor  
  51  4:44  SCV  
  52  4:49  Command Center  
  52  4:57  Liberator  
  52  5:00  Engineering Bay  
  52  5:01  SCV  
  52  5:02  SCV  
  52  5:03  Engineering Bay  
  54  5:13  SCV  
  55  5:16  Widow Mine x2  
  55  5:18  Marine  
  55  5:19  Marine x2  
  65  5:21  SCV  
  65  5:24  Refinery  
  65  5:26  SCV  
  67  5:31  Terran Infantry Weapons Level 1  
  67  5:34  Terran Infantry Armor Level 1  
  67  5:36  SCV  
  67  5:38  SCV  
  67  5:42  Refinery  
  69  5:48  SCV  
  70  5:50  SCV  
  70  5:51  Marine x2, Marauder  
  70  5:56  Barracks  
  75  6:00  SCV  
  75  6:23  Marine x3  
  75  6:25  Widow Mine x2  
  82  6:34  Orbital Command  
  82  6:38  Medivac  
  82  6:39  Medivac, Barracks  
  86  6:41  Marine x2  
  86  6:42  Marauder  
  86  6:45  Barracks  
  90  6:49  Concussive Shells  
  90  6:54  Armory  
  90  6:57  Supply Depot x2  
  90  6:58  Barracks Tech Lab, Supply Depot  
  90  7:03  Marauder  
  90  7:04  SCV  
  93  7:18  Marine x2  
  93  7:21  SCV x2  
  93  7:22  Medivac  
  99  7:24  Marauder  
  99  7:26  Marauder  
  99  7:28  Combat Shields  
  103  7:38  Supply Depot  
  103  7:46  Marauder  
  105  7:57  SCV  
  105  7:58  Terran Infantry Weapons Level 2  
  106  8:02  SCV  
  106  8:07  Marauder  
  108  8:20  Orbital Command, Marine, Barracks Reactor x2  
  108  8:21  Marine, Marauder  
  112  8:28  Marauder  
  112  8:29  Supply Depot  
  112  8:30  Supply Depot  
  112  8:31  Supply Depot  
  114  8:38  Marine  
  114  8:39  Marine  
  116  8:42  Marauder  
  118  8:50  SCV, Marauder  
  118  8:54  Refinery x2  
  121  8:56  Marine  
  121  8:57  Marine  
  121  9:02  SCV  
  124  9:03  Marine  
  125  9:11  Marine  
  125  9:14  Marine x2, SCV  
  126  9:21  Marine  
  127  9:29  SCV  
  127  9:30  SCV  
  127  9:31  SCV  
  130  9:35  Marine x2  
  130  9:36  Marine x2, Marauder  
  136  9:39  Marauder  
  136  9:41  SCV  
  136  9:43  SCV  
  136  9:44  Barracks x2  
  140  9:47  Terran Infantry Armor Level 2  
  140  9:49  Marine x2  
  140  9:50  Widow Mine x2  
  140  9:52  Medivac  
  148  9:53  Marine  
  149  10:06  Supply Depot  
  149  10:07  Supply Depot x2  
  149  10:08  Supply Depot  
  149  10:27  Marine x3, Medivac  
  149  10:28  Marauder  
  156  10:29  Marauder  
  158  10:49  Marauder  
  160  10:50  Marauder  
  160  10:52  Barracks Reactor  
  162  10:59  Marine  
  162  11:00  Marine x3, Barracks Reactor  
  162  11:01  Marine x2  
  168  11:11  Marauder x2  
  172  11:29  Command Center  
  172  11:32  Marauder  
  172  11:33  Marauder  
  144  11:42  Marine x2  
  144  11:43  Marine x4  
  129  11:53  Marauder  
  133  11:54  Marauder  
  133  11:56  Marine x2  
  133  11:57  Marine x2  
  133  12:00  Marine  
  138  12:04  Factory x2  
  138  12:08  Starport x2, Liberator x2  
  138  12:15  Marauder  
  130  12:16  Marauder  
  130  12:23  Widow Mine  
  130  12:24  Widow Mine  
  130  12:28  Marine  
  130  12:29  Marine x9  
  150  12:36  Marauder  
  153  12:37  Marauder  
  153  12:40  Terran Infantry Weapons Level 3, Terran Infantry Armor Level 3  
  153  12:46  Marine x3  
  153  12:47  Orbital Command, Marine  
  153  12:49  Starport  
  153  12:51  Liberator x2  
  157  12:52  Widow Mine x2  
  157  12:57  Starport Reactor x2  
  157  12:58  Marauder x2  
  165  13:04  Refinery  
  165  13:06  Refinery, Command Center  
  159  13:19  Marauder  
  147  13:20  Marauder  
  147  13:25  Marine x3  
  140  13:32  Marine  
  140  13:33  Marine x4  
  140  13:34  Marine  
  145  13:35  Liberator x5  
  145  13:36  Liberator  
  145  13:40  Marauder  
  150  13:41  Marauder  
  150  13:47  Command Center  
  146  13:49  Starport Reactor  
  164  14:02  Marauder x2  
  164  14:21  Marine x4  
  164  14:22  Marine  
  164  14:23  Marauder  
  173  14:24  Marauder  
  173  14:30  Marine x3  
  173  14:31  Marine x2  
  177  14:39  Marine x2  
  177  14:44  Orbital Command, Marauder  
  177  14:45  Marauder  
  168  15:02  Marine x3  
  168  15:03  Marine x4  
  168  15:04  Marine x3  
  168  15:06  Marauder  
  168  15:07  Marauder  
  148  15:20  Marine x4  
  148  15:21  Marine x3  
  147  15:22  Marine x3  
  147  15:27  Marauder  
  147  15:28  Marauder  
  156  15:30  Factory Tech Lab  
  156  15:37  Factory Tech Lab, Marine  
  156  15:38  Marine x2  
  159  15:45  Marine x2  
  159  15:49  Marauder x2  
  162  15:56  Marine x3  
  162  15:57  Supply Depot  
  165  15:59  Supply Depot  
  164  16:10  Marine x2, Marauder  
  164  16:11  Marine x2, Marauder  
  161  16:16  Marine x2  
  161  16:17  Marine x2  
  161  16:18  Marine  
  149  16:20  Supply Depot  
  149  16:22  Supply Depot  
  149  16:25  Marine  
  137  16:28  Marine x3  
  137  16:29  Marine  
  137  16:31  Marauder  
  137  16:32  Marauder  
  142  16:34  Marine  
  142  16:36  Marine x3  
  142  16:37  Marine  
  134  16:53  Marauder x2  
  128  17:04  Marine x2  
  128  17:05  Marine x2  
  122  17:12  Marine x2  
  122  17:13  Marine x4  
  122  17:14  Marauder  
  122  17:15  Marauder  
  128  17:16  Orbital Command  
  128  17:22  Marine  
  129  17:24  Siege Tank x2  
  129  17:25  Marine x2  
  129  17:26  Marine, Liberator x2  
  137  17:30  Marine x2  
  137  17:36  Marauder x2  
  142  17:39  Marine  
  142  17:40  Marine x4  
  149  17:56  Siege Tank  
  149  17:57  Marauder  
  149  17:58  Marauder  
  147  18:11  Marine x4  
  147  18:12  Marine x5  
  147  18:13  Marine  
  147  18:18  Marauder  
  147  18:19  Marauder  
  157  18:29  Marine x2  
Show
View Real Time Build Order
Export as new Build Order

Timothy Zerg 

Build Orders: Hatch First 

Get SALT Encoding   

  12  0:01  Drone  
  13  0:09  Drone  
  14  0:16  Overlord  
  14  0:35  Drone x3  
  17  0:55  Hatchery  
  16  0:58  Drone  
  17  1:06  Drone  
  18  1:16  Spawning Pool  
  17  1:19  Extractor  
  17  1:21  Drone  
  17  1:26  Drone  
  17  1:29  Drone  
  19  1:57  Overlord  
  19  2:03  Zergling x2, Queen  
  19  2:08  Zergling x2, Queen  
  23  2:10  Drone  
  26  2:18  Drone  
  26  2:19  Drone  
  26  2:21  Metabolic Boost  
  28  2:29  Drone  
  29  2:30  Drone  
  29  2:33  Drone  
  31  2:43  Overlord  
  31  2:44  Queen, Drone  
  34  2:52  Queen  
  36  3:02  Drone  
  37  3:19  Queen  
  37  3:21  Hatchery  
  37  3:23  Overlord  
  37  3:25  Drone x3  
  41  3:28  Drone  
  41  3:33  Drone x2  
  44  3:44  Drone  
  44  3:45  Drone  
  44  3:47  Overlord  
  45  3:48  Drone  
  45  3:50  Drone x2  
  45  3:51  Drone x3  
  51  3:59  Overlord  
  51  4:00  Overlord  
  51  4:04  Extractor  
  51  4:06  Extractor  
  51  4:07  Overlord  
  51  4:08  Drone  
  50  4:18  Drone x5  
  50  4:22  Roach Warren  
  50  4:24  Overlord  
  54  4:29  Queen  
  56  4:53  Lair  
  56  4:55  Queen  
  58  5:02  Drone, Roach x3  
  58  5:03  Roach x7  
  79  5:16  Drone x7  
  86  5:26  Drone x7  
  93  5:38  Drone x3  
  96  5:44  Overlord x2  
  96  5:48  Ravager  
  96  5:49  Overlord  
  97  5:55  Hatchery  
  89  6:20  Roach x11  
  111  6:27  Zergling x8  
  115  6:49  Hatchery  
  115  6:53  Drone  
  115  6:54  Drone  
  114  7:20  Drone x7  
  121  7:29  Overlord x2  
  121  7:31  Queen  
  108  8:05  Drone x10  
  117  8:08  Extractor  
  117  8:09  Extractor  
  117  8:12  Drone  
  116  8:17  Extractor  
  115  8:20  Drone x3  
  115  8:21  Spore Crawler  
  115  8:23  Spine Crawler, Drone  
  117  8:32  Spore Crawler  
  117  8:33  Spine Crawler  
  115  8:36  Drone  
  115  8:37  Drone x2  
  118  8:45  Drone x4  
  118  8:46  Drone x4  
  118  8:47  Infestation Pit  
  125  8:50  Zergling x4  
  121  9:46  Hive  
  121  9:50  Spire  
  120  10:02  Roach x5  
  120  10:04  Overlord x5  
  130  10:16  Glial Reconstitution  
  130  10:21  Hatchery  
  130  10:22  Queen  
  130  10:28  Ravager x17  
  150  10:35  Drone x7  
  150  10:36  Drone  
  156  10:51  Overlord  
  156  10:52  Overlord  
  156  10:53  Roach x2  
  160  10:57  Queen  
  160  11:00  Ultralisk Cavern  
  160  11:02  Evolution Chamber  
  162  11:04  Roach  
  162  11:07  Overlord  
  162  11:08  Overlord x5  
  162  11:21  Evolution Chamber  
  114  11:50  Roach x9  
  124  12:00  Chitinous Plating  
  124  12:02  Zerg Ground Armor Level 1, Zerg Melee Weapons Level 1  
  124  12:03  Roach  
  124  12:04  Roach x2  
  124  12:06  Roach  
  124  12:08  Queen  
  126  12:21  Roach Warren  
  125  12:42  Hatchery  
  125  12:43  Queen  
  126  12:48  Drone x9  
  104  13:21  Roach x9  
  104  13:22  Roach x2  
  118  13:48  Ultralisk x6  
  130  13:52  Ultralisk  
  154  13:56  Hatchery, Queen  
  151  14:17  Roach  
  151  14:18  Roach x9  
  166  14:32  Overseer, Queen  
  166  14:33  Overseer  
  166  14:36  Queen  
  162  14:45  Ultralisk Cavern  
  151  15:01  Spore Crawler  
  107  15:37  Queen  
  107  15:41  Drone x6  
  107  15:42  Drone x5  
  120  15:46  Ultralisk  
  127  15:50  Drone  
  127  15:53  Drone  
  128  15:58  Drone x2  
  128  16:00  Drone x3  
  128  16:18  Ultralisk x4, Spine Crawler, Spore Crawler  
  119  16:20  Spore Crawler  
  119  16:21  Spine Crawler  
  119  16:22  Ultralisk  
  120  16:39  Drone x10, Spore Crawler  
  127  16:43  Extractor  
  127  16:44  Extractor  
  119  16:51  Ultralisk  
  113  16:59  Hatchery  
  106  17:12  Ultralisk  
  112  17:18  Drone  
  112  17:21  Zergling x14  
  120  17:29  Hatchery  
  110  18:05  Zergling x10  
  110  18:06  Zergling x2  
  100  18:23  Spore Crawler  
  102  18:40  Spore Crawler  
  103  18:44  Extractor  
Tags
 
Composition
MMM Bio
Matchup
TvZ
Add a new tag
Caveats
  • Supply blocks, unpowered buildings, or Contaminate may cause inaccurate times.
  • Supply counts are checked every 10 seconds.